Vegas Golden Knights vs New York Rangers

Created - Thursday, September 4, 2025 at 08:53

Goals
1 2 3 T
Vegas Golden Knights 2 1 2 5
New York Rangers 1 1 4 6
Shots
1 2 3 T
Vegas Golden Knights 14 13 17 44
New York Rangers 6 11 17 34

1st period

1. Vegas Golden Knights , Tyler Toffoli 13 (Sean Monahan 16, Jared McCann 14) at 10:35
2. Vegas Golden Knights , Bryan Rust 15 (Shea Theodore 7, Auston Matthews 20) at 17:49
3. New York Rangers , Nathan MacKinnon 13 (Cam Fowler 6) at 19:06

Penalties :
Erik Johnson (VGK) for High sticking (Double Minor) at 6:18, Anthony Mantha (VGK) for Slashing (Minor) at 13:32

2nd period

4. Vegas Golden Knights , Sean Monahan 14 (Jared McCann 15, Tyler Toffoli 16) at 11:48
5. New York Rangers , Timo Meier 5 (Tyler Motte 2) at 12:46 (SH)

Penalties :
Jake Walman (NYR) for Roughing (Double Minor) at 5:36, Mikael Granlund (NYR) for Interference (Minor) at 12:01, Auston Matthews (VGK) for Cross-checking (Minor) at 14:48, Adam Larsson (NYR) for Interference (Minor) at 19:14

3rd period

6. Vegas Golden Knights , Mika Zibanejad 6 (Auston Matthews 21) at 1:36 (PP)
7. New York Rangers , Cole Caufield 12 (Adam Larsson 11) at 2:08
8. New York Rangers , Tyler Motte 3 (Noel Acciari 4) at 4:04
9. Vegas Golden Knights , Mathieu Olivier 3 (Andreas Athanasiou 10, Anthony Mantha 8) at 5:02
10. New York Rangers , Nathan MacKinnon 14 (Jake Walman 6) at 12:39
11. New York Rangers , Timo Meier 6 (Dylan Strome 12, Igor Shesterkin) at 18:52 (PP)

Penalties :
Timo Meier (NYR) for Tripping (Minor) at 1:25, Anthony Mantha (VGK) for Tripping (Minor) at 6:13, Dmitry Kulikov (NYR) for Cross-checking (Minor) at 16:17, Shea Theodore (VGK) for Tripping (Minor) at 17:15

Goalie Stats

Mackenzie Blackwood (VGK), 28 saves from 34 shots - (0.824), L, 13-3-1, 58:56 minutes
Igor Shesterkin (NYR), 39 saves from 44 shots - (0.886), W, 12-7-2, 60:00 minutes

Players Stats for Vegas Golden Knights

Player Name              G  A  P  +/- PIM S  H  SB GA TA FO     MP     PP MP  PK MP  
------------------------------------------------------------------------------------
Andreas Athanasiou       0  1  1   0  0   1  2  0  1  0  0/0    11:44   0:40   4:32 
Anthony Mantha           0  1  1  -1  4   2  1  0  1  0  0/0    10:27   4:48   0:00 
Auston Matthews          0  2  2   0  2   2  1  1  0  0  0/1    18:09   3:39   0:25 
Bryan Rust               1  0  1   0  0   4  0  1  0  0  0/0    17:06   3:39   1:03 
Erik Johnson             0  0  0   0  4   0  1  0  0  0  0/0    13:44   0:00   2:52 
Jack Johnson             0  0  0   0  0   0  0  1  0  0  0/0    16:17   0:37   4:41 
Jared McCann             0  2  2   1  0   2  0  0  0  0  0/0    15:04   4:36   0:00 
Jordan Staal             0  0  0  -2  0   3  0  0  0  0  7/13   15:25   0:56   4:32 
Mathew Barzal            0  0  0  -2  0   5  0  0  1  0  0/0    15:18   3:49   1:15 
Mathieu Olivier          1  0  1   0  0   3  1  0  0  0  0/2    11:05   0:00   4:33 
Mika Zibanejad           1  0  1   0  0   8  0  0  1  0  11/22  15:25   3:34   0:00 
Reilly Smith             0  0  0  -2  0   3  1  0  0  0  1/1    15:37   0:54   4:32 
Roman Josi               0  0  0   0  0   2  1  0  0  1  0/0    21:46   4:38   1:06 
Sean Monahan             1  1  2   1  0   3  0  0  0  0  9/16   16:37   4:36   0:06 
Shea Theodore            0  1  1   2  2   0  3  0  0  0  0/0    20:31   3:45   1:11 
Thomas Chabot            0  0  0  -1  0   0  0  0  1  0  0/0    19:56   0:42   5:24 
Travis Hamonic           0  0  0  -2  0   2  1  2  0  1  0/0    18:41   0:00   5:50 
Tyler Toffoli            1  1  2   1  0   4  2  0  1  0  1/2    15:30   4:36   0:06 

Players Stats for New York Rangers

Player Name              G  A  P  +/- PIM S  H  SB GA TA FO     MP     PP MP  PK MP  
------------------------------------------------------------------------------------
Adam Larsson             0  1  1  -1  2   3  0  0  0  1  0/0    20:04   0:24   4:25 
Artemi Panarin           0  0  0   0  0   3  2  0  0  0  1/4    18:15   5:12   0:00 
Cam Fowler               0  1  1   2  0   0  0  0  0  1  0/0    16:29   4:17   1:46 
Cole Caufield            1  0  1   0  0   3  0  1  0  0  0/0    18:32   5:12   1:06 
Conor Garland            0  0  0   0  0   3  1  1  0  0  0/0    12:32   4:26   0:00 
David Kampf              0  0  0   1  0   0  1  0  0  0  0/0    11:07   1:06   4:04 
Dmitry Kulikov           0  0  0   2  2   1  0  0  0  1  0/0    15:15   0:24   3:59 
Dylan Strome             0  1  1   0  0   3  1  0  1  0  5/11   16:06   4:26   0:00 
Jake Walman              0  1  1   1  4   3  3  1  0  1  0/0    24:04   5:51   2:18 
Luke Schenn              0  0  0  -1  0   1  1  0  0  1  0/0    18:48   0:00   4:40 
Marcus Foligno           0  0  0  -1  0   1  1  0  0  0  0/0     9:31   0:13   0:00 
Mikael Granlund          0  0  0   0  2   1  2  0  1  0  1/2    23:52   5:57   2:55 
Nathan MacKinnon         2  0  2   0  0   5  2  0  0  0  12/25  17:59   5:17   0:00 
Noel Acciari             0  1  1   0  0   0  2  0  0  0  5/10   11:39   0:13   4:06 
Olli Maatta              0  0  0  -1  0   0  2  1  0  1  0/0    14:28   0:06   1:04 
Teuvo Teravainen         0  0  0   0  0   2  0  0  0  0  2/3    12:19   4:17   0:00 
Timo Meier               2  0  2   1  2   3  1  0  0  0  2/2    18:11   4:23   2:05 
Tyler Motte              1  1  2   1  0   2  0  0  0  0  0/0    10:37   0:56   3:56 

3 Stars

1 - Nathan MacKinnon (NYR)
2 - Timo Meier (NYR)
3 - Tyler Toffoli (VGK)

Power Play

Vegas Golden Knights - 1 on 6 Attempt(s) - 16.67%
New York Rangers - 1 on 6 Attempt(s) - 16.67%

Penalty Kill

Vegas Golden Knights - 5 on 6 Attempt(s) - 83.33% - Score 0 goal in Penalty Kill
New York Rangers - 5 on 6 Attempt(s) - 83.33% - Score 1 goal in Penalty Kill

Team Stat

Vegas Golden Knights - Hits : 14 - Faceoff Wins : 29 - Blocked Shots : 5 - Penalty Minutes : 12
New York Rangers - Hits : 19 - Faceoff Wins : 28 - Blocked Shots : 4 - Penalty Minutes : 12

Official

Referees : Furman South and Chris Lee
Linesman : Matt MacPherson and CJ Murray

Game Notes

No Game Note

Finance

Level 1 -- Attendance: 5285 (88.08%) -- Ticket Income $502,075
Level 2 -- Attendance: 3812 (76.24%) -- Ticket Income $228,720
Level 3 -- Attendance: 2100 (70.00%) -- Ticket Income $79,800
Level 4 -- Attendance: 3887 (77.74%) -- Ticket Income $97,175
Luxury Box -- Attendance: 944 (94.40%) -- Ticket Income $178,416
Game was played at the Madison Square Garden.
Total Attendance: 16028 (80.14%)
Total Ticket Income: $1,086,186
Other Income: $380,165
Total Income: $1,466,351

Vegas Golden Knights

5 vs 5 Forward 
   Center                   Left Wing                Right Wing               Time % Phy DF OF 
 1 Mika Zibanejad           Auston Matthews          Bryan Rust               30     1   2  2  
 2 Sean Monahan             Jared McCann             Tyler Toffoli            30     1   2  2  
 3 Jordan Staal             Mathew Barzal            Reilly Smith             25     1   2  2  
 4 Andreas Athanasiou       Mathieu Olivier          Anthony Mantha           15     1   2  2  

5 vs 5 Defense 
   Defense                  Defense                                           Time % Phy DF OF 
 1 Roman Josi               Shea Theodore                                     30     1   2  2  
 2 Thomas Chabot            Travis Hamonic                                    30     1   2  2  
 3 Jack Johnson             Erik Johnson                                      25     1   2  2  
 4 Roman Josi               Shea Theodore                                     15     1   2  2  

PowerPlay Forward 
   Center                   Left Wing                Right Wing               Time % Phy DF OF 
 1 Mika Zibanejad           Auston Matthews          Bryan Rust               50     1   2  2  
 2 Sean Monahan             Jared McCann             Tyler Toffoli            50     1   2  2  

PowerPlay Defense
   Defense                  Defense                                           Time % Phy DF OF 
 1 Shea Theodore            Mathew Barzal                                     50     1   2  2  
 2 Roman Josi               Anthony Mantha                                    50     1   2  2  

Penalty Kill 4 Players Forward 
   Center                   Wing                     Time % Phy DF OF 
 1 Jordan Staal             Reilly Smith             50     1   2  2  
 2 Andreas Athanasiou       Mathieu Olivier          50     1   2  2  

Penalty Kill 4 Players Defense
   Defense                  Defense                  Time % Phy DF OF 
 1 Thomas Chabot            Travis Hamonic           50     1   2  2  
 2 Jack Johnson             Erik Johnson             50     1   2  2  

Penalty Kill - 3 Players Forward 
   Forward                                           Time % Phy DF OF 
 1 Jordan Staal                                      50     1   2  2  
 2 Andreas Athanasiou                                50     1   2  2  

Penalty Kill - 3 Players Defense
   Defense                  Defense                  Time % Phy DF OF 
 1 Thomas Chabot            Travis Hamonic           50     1   2  2  
 2 Jack Johnson             Erik Johnson             50     1   2  2  

4 vs 4 Forward 
   Center                   Wing                     Time % Phy DF OF 
 1 Mika Zibanejad           Auston Matthews          50     1   2  2  
 2 Sean Monahan             Tyler Toffoli            50     1   2  2  

4 vs 4 Defense
   Defense                  Defense                  Time % Phy DF OF 
 1 Shea Theodore            Roman Josi               50     1   2  2  
 2 Thomas Chabot            Travis Hamonic           50     1   2  2  

Last Minutes Offensive
   Center                   Left Wing                Right Wing               Defense                  Defense                  
   Sean Monahan             Auston Matthews          Bryan Rust               Shea Theodore            Roman Josi               

Last Minutes Defensive
   Center                   Left Wing                Right Wing               Defense                  Defense                  
   Jordan Staal             Mathieu Olivier          Reilly Smith             Thomas Chabot            Travis Hamonic           

Goaltenders
Starting : Mackenzie Blackwood      
Backup : Sergei Bobrovsky         

Extra Forwards
Normal : Sean Monahan, Auston Matthews, Mika Zibanejad - PP : Jordan Staal, Reilly Smith - PK : Bryan Rust
Extra Defensemen
Normal : Thomas Chabot, Shea Theodore, Roman Josi - PP : Thomas Chabot - PK : Shea Theodore, Roman Josi
Penalty Shots
Mika Zibanejad, Sean Monahan, Bryan Rust, Anthony Mantha, Auston Matthews

Scratches
Brendan Smith (Healthy), Cole Smith (Healthy)

New York Rangers

5 vs 5 Forward 
   Center                   Left Wing                Right Wing               Time % Phy DF OF 
 1 Nathan MacKinnon         Mikael Granlund          Artemi Panarin           38     0   2  3  
 2 Dylan Strome             Timo Meier               Cole Caufield            30     1   1  3  
 3 Teuvo Teravainen         Conor Garland            Marcus Foligno           22     1   2  2  
 4 Noel Acciari             David Kampf              Tyler Motte              10     1   3  1  

5 vs 5 Defense 
   Defense                  Defense                                           Time % Phy DF OF 
 1 Jake Walman              Adam Larsson                                      36     1   2  2  
 2 Olli Maatta              Luke Schenn                                       34     1   2  2  
 3 Cam Fowler               Dmitry Kulikov                                    30     1   2  2  
 4 Jake Walman              Adam Larsson                                      0      1   2  2  

PowerPlay Forward 
   Center                   Left Wing                Right Wing               Time % Phy DF OF 
 1 Nathan MacKinnon         Cole Caufield            Artemi Panarin           60     0   1  4  
 2 Dylan Strome             Timo Meier               Conor Garland            40     0   1  4  

PowerPlay Defense
   Defense                  Defense                                           Time % Phy DF OF 
 1 Mikael Granlund          Jake Walman                                       60     1   1  3  
 2 Cam Fowler               Teuvo Teravainen                                  40     1   1  3  

Penalty Kill 4 Players Forward 
   Center                   Wing                     Time % Phy DF OF 
 1 Noel Acciari             David Kampf              50     1   3  1  
 2 Mikael Granlund          Tyler Motte              50     1   3  1  

Penalty Kill 4 Players Defense
   Defense                  Defense                  Time % Phy DF OF 
 1 Jake Walman              Dmitry Kulikov           50     1   3  1  
 2 Adam Larsson             Luke Schenn              50     1   3  1  

Penalty Kill - 3 Players Forward 
   Forward                                           Time % Phy DF OF 
 1 Noel Acciari                                      50     1   4  0  
 2 Mikael Granlund                                   50     1   4  0  

Penalty Kill - 3 Players Defense
   Defense                  Defense                  Time % Phy DF OF 
 1 Dmitry Kulikov           Jake Walman              50     1   3  1  
 2 Adam Larsson             Luke Schenn              50     1   3  1  

4 vs 4 Forward 
   Center                   Wing                     Time % Phy DF OF 
 1 Nathan MacKinnon         Mikael Granlund          50     1   2  2  
 2 Artemi Panarin           Cole Caufield            50     1   2  2  

4 vs 4 Defense
   Defense                  Defense                  Time % Phy DF OF 
 1 Olli Maatta              Adam Larsson             50     1   2  2  
 2 Jake Walman              Luke Schenn              50     1   2  2  

Last Minutes Offensive
   Center                   Left Wing                Right Wing               Defense                  Defense                  
   Nathan MacKinnon         Cole Caufield            Artemi Panarin           Cam Fowler               Jake Walman              

Last Minutes Defensive
   Center                   Left Wing                Right Wing               Defense                  Defense                  
   Noel Acciari             Mikael Granlund          Marcus Foligno           Jake Walman              Adam Larsson             

Goaltenders
Starting : Igor Shesterkin          
Backup : Kevin Lankinen           

Extra Forwards
Normal : Dylan Strome, Teuvo Teravainen, Mikael Granlund - PP : Dylan Strome, Teuvo Teravainen - PK : Mikael Granlund
Extra Defensemen
Normal : Cam Fowler, Dmitry Kulikov, Jake Walman - PP : Cam Fowler - PK : Dmitry Kulikov, Jake Walman
Penalty Shots
Nathan MacKinnon, Artemi Panarin, Cole Caufield, Mikael Granlund, Teuvo Teravainen

Scratches
Jake McCabe (Healthy)

% Time on Ice - Vegas Golden Knights

Lines # - Real PCT - Wanted PCT - Time Play
Normal Forward
1 - 29% - 30% - 11:14
2 - 30% - 30% - 11:27
3 - 26% - 25% - 9:55
4 - 15% - 15% - 5:38
Normal Defense
1 - 30% - 30% - 11:31
2 - 31% - 30% - 11:49
3 - 28% - 25% - 10:46
4 - 11% - 15% - 4:08
PP Forward
1 - 48% - 50% - 4:22
2 - 52% - 50% - 4:44
PP Defense
1 - 47% - 50% - 4:18
2 - 53% - 50% - 4:48
PK Forward
1 - 48% - 50% - 5:05
2 - 52% - 50% - 5:27
PK Defense
1 - 45% - 50% - 4:47
2 - 55% - 50% - 5:45
PK3 Forward
1 - 0% - 50%
2 - 0% - 50%
PK3 Defense
1 - 0% - 50%
2 - 0% - 50%
44 Forward
1 - 67% - 50% - 0:41
2 - 33% - 50% - 0:20
44 Defense
1 - 67% - 50% - 0:41
2 - 33% - 50% - 0:20
Last Minute Offensive  - 1:07
Last Minute Defensive  - 0:00
Total
Forward - 60:00
Defense - 60:00

% Time on Ice - New York Rangers

Lines # - Real PCT - Wanted PCT - Time Play
Normal Forward
1 - 34% - 38% - 12:55
2 - 31% - 30% - 11:40
3 - 21% - 22% - 7:54
4 - 15% - 10% - 5:45
Normal Defense
1 - 38% - 36% - 14:26
2 - 35% - 34% - 13:22
3 - 27% - 30% - 10:26
4 - 0% - 0% - 0:00
PP Forward
1 - 56% - 60% - 5:53
2 - 44% - 40% - 4:39
PP Defense
1 - 59% - 60% - 6:15
2 - 41% - 40% - 4:17
PK Forward
1 - 51% - 50% - 4:41
2 - 49% - 50% - 4:25
PK Defense
1 - 59% - 50% - 5:20
2 - 41% - 50% - 3:46
PK3 Forward
1 - 0% - 50%
2 - 0% - 50%
PK3 Defense
1 - 0% - 50%
2 - 0% - 50%
44 Forward
1 - 33% - 50% - 0:20
2 - 67% - 50% - 0:41
44 Defense
1 - 33% - 50% - 0:20
2 - 67% - 50% - 0:41
Last Minute Offensive  - 0:00
Last Minute Defensive  - 1:07
Total
Forward - 60:00
Defense - 60:00

Play-by-Play

1st period


0:01 of 1st period - Nathan MacKinnon wins face-off versus Mika Zibanejad in neutral zone.
0:04 of 1st period - Roman Josi is hit by Nathan MacKinnon and loses puck.
1:15 of 1st period - Icing by Luke Schenn.
1:16 of 1st period - Sean Monahan wins face-off versus Dylan Strome in New York Rangers zone.
1:23 of 1st period - Snap shot by Dylan Strome.
1:23 of 1st period - Shot Misses the Net.
1:25 of 1st period - Snap shot by Dylan Strome.
1:25 of 1st period - Stopped by Mackenzie Blackwood with a rebound.
1:29 of 1st period - Wrist shot by Timo Meier.
1:29 of 1st period - Stopped by Mackenzie Blackwood with a rebound.
1:31 of 1st period - Snap shot by Cole Caufield.
1:31 of 1st period - Stopped by Mackenzie Blackwood without a rebound.
1:32 of 1st period - Jordan Staal wins face-off versus Nathan MacKinnon in Vegas Golden Knights zone.
3:03 of 1st period - Tyler Toffoli is hit by Artemi Panarin and loses puck.
3:26 of 1st period - David Kampf is hit by Tyler Toffoli and loses puck.
4:41 of 1st period - Noel Acciari is hit by Andreas Athanasiou and loses puck.
5:00 of 1st period - Icing by David Kampf.
5:01 of 1st period - Dylan Strome wins face-off versus Jordan Staal in New York Rangers zone.
5:26 of 1st period - Slapshot by Tyler Toffoli.
5:26 of 1st period - Stopped by Igor Shesterkin with a rebound.
6:08 of 1st period - Wrist shot by Anthony Mantha.
6:08 of 1st period - Stopped by Igor Shesterkin without a rebound.
6:09 of 1st period - Noel Acciari wins face-off versus Jordan Staal in New York Rangers zone.
6:09 of 1st period - Noel Acciari is hit by Reilly Smith.
6:18 of 1st period - Double Minor Penalty to Erik Johnson for High sticking.
6:19 of 1st period - Jordan Staal wins face-off versus Nathan MacKinnon in Vegas Golden Knights zone.
7:05 of 1st period - Nathan MacKinnon is hit by Mathieu Olivier.
9:38 of 1st period - Reilly Smith is hit by Marcus Foligno and loses puck.
10:18 of 1st period - Penalty to Erik Johnson is over, Erik Johnson is back on ice.
10:29 of 1st period - Snap shot by Sean Monahan.
10:29 of 1st period - Shot Misses the Net.
10:31 of 1st period - Snap shot by Sean Monahan.
10:31 of 1st period - Shot Misses the Net.
10:35 of 1st period - Slapshot by Tyler Toffoli.
10:35 of 1st period - Goal by Tyler Toffoli - Vegas Golden Knights : 1 - New York Rangers : 0.
10:36 of 1st period - Nathan MacKinnon wins face-off versus Mika Zibanejad in neutral zone.
10:39 of 1st period - Mika Zibanejad is hit by Mikael Granlund and loses puck.
11:25 of 1st period - Slapshot by Jordan Staal.
11:25 of 1st period - Stopped by Igor Shesterkin with a rebound.
11:27 of 1st period - Slapshot by Roman Josi.
11:27 of 1st period - Stopped by Igor Shesterkin with a rebound.
11:40 of 1st period - Icing by Timo Meier.
11:41 of 1st period - Dylan Strome wins face-off versus Mathieu Olivier in New York Rangers zone.
11:41 of 1st period - Dylan Strome is hit by Andreas Athanasiou.
12:56 of 1st period - Wrist shot by Mathew Barzal.
12:56 of 1st period - Deflect By Jordan Staal.
12:56 of 1st period - Stopped by Igor Shesterkin with a rebound.
12:58 of 1st period - Wrist shot by Reilly Smith.
12:58 of 1st period - Stopped by Igor Shesterkin with a rebound.
13:02 of 1st period - Wrist shot by Reilly Smith.
13:02 of 1st period - Stopped by Igor Shesterkin with a rebound.
13:04 of 1st period - Wrist shot by Reilly Smith.
13:04 of 1st period - Shot Blocked by Olli Maatta.
13:14 of 1st period - Luke Schenn is hit by Anthony Mantha.
13:18 of 1st period - Snap shot by Tyler Motte.
13:18 of 1st period - Stopped by Mackenzie Blackwood with a rebound.
13:24 of 1st period - David Kampf is hit by Travis Hamonic.
13:32 of 1st period - Minor Penalty to Anthony Mantha for Slashing.
13:33 of 1st period - Jordan Staal wins face-off versus Nathan MacKinnon in Vegas Golden Knights zone.
13:50 of 1st period - Snap shot by Nathan MacKinnon.
13:50 of 1st period - Shot Blocked by Travis Hamonic.
15:32 of 1st period - Penalty to Anthony Mantha is over, Anthony Mantha is back on ice.
15:42 of 1st period - Backhand shot by Sean Monahan.
15:42 of 1st period - Shot Hit the Post.
15:48 of 1st period - Jared McCann is hit by Noel Acciari and loses puck.
16:36 of 1st period - Sean Monahan is hit by Olli Maatta and loses puck.
17:21 of 1st period - Snap shot by Mika Zibanejad.
17:21 of 1st period - Stopped by Igor Shesterkin with a rebound.
17:23 of 1st period - Slapshot by Travis Hamonic.
17:23 of 1st period - Deflect By Timo Meier.
17:23 of 1st period - Stopped by Igor Shesterkin without a rebound.
17:24 of 1st period - Mika Zibanejad wins face-off versus Dylan Strome in New York Rangers zone.
17:27 of 1st period - Snap shot by Auston Matthews.
17:27 of 1st period - Shot Misses the Net.
17:29 of 1st period - Snap shot by Auston Matthews.
17:29 of 1st period - Shot Blocked by Cole Caufield.
17:35 of 1st period - Snap shot by Mika Zibanejad.
17:35 of 1st period - Stopped by Igor Shesterkin without a rebound.
17:36 of 1st period - Mika Zibanejad wins face-off versus Nathan MacKinnon in New York Rangers zone.
17:47 of 1st period - Snap shot by Bryan Rust.
17:47 of 1st period - Shot Misses the Net.
17:49 of 1st period - Slapshot by Shea Theodore.
17:49 of 1st period - Deflect By Bryan Rust.
17:49 of 1st period - Goal by Bryan Rust - Vegas Golden Knights : 2 - New York Rangers : 0.
17:50 of 1st period - Sean Monahan wins face-off versus Nathan MacKinnon in neutral zone.
18:46 of 1st period - Wrist shot by Bryan Rust.
18:46 of 1st period - Stopped by Igor Shesterkin with a rebound.
18:48 of 1st period - Snap shot by Auston Matthews.
18:48 of 1st period - Shot Blocked by Conor Garland.
19:06 of 1st period - Wrist shot by Nathan MacKinnon.
19:06 of 1st period - Goal by Nathan MacKinnon - Vegas Golden Knights : 2 - New York Rangers : 1.
19:07 of 1st period - Sean Monahan wins face-off versus Nathan MacKinnon in neutral zone.
19:21 of 1st period - Snap shot by Mikael Granlund.
19:21 of 1st period - Shot Blocked by Travis Hamonic.
19:23 of 1st period - Snap shot by Nathan MacKinnon.
19:23 of 1st period - Stopped by Mackenzie Blackwood with a rebound.
19:57 of 1st period - Wrist shot by Mika Zibanejad.
19:57 of 1st period - Stopped by Igor Shesterkin with a rebound.
19:59 of 1st period - Snap shot by Bryan Rust.
19:59 of 1st period - Deflect By Mika Zibanejad.
19:59 of 1st period - Shot Misses the Net.
19:59 of 1st period - Puck is out of play.
Goals for this period are 2 for Vegas Golden Knights vs 1 for New York Rangers.
Shots for this period are 14 for Vegas Golden Knights vs 6 for New York Rangers.

2nd period


0:01 of 2nd period - Mika Zibanejad wins face-off versus Nathan MacKinnon in neutral zone.
0:12 of 2nd period - Backhand shot by Mika Zibanejad.
0:12 of 2nd period - Stopped by Igor Shesterkin with a rebound.
0:42 of 2nd period - Shea Theodore is hit by Dylan Strome.
0:56 of 2nd period - Wrist shot by Mathew Barzal.
0:56 of 2nd period - Stopped by Igor Shesterkin with a rebound.
2:21 of 2nd period - Snap shot by Dylan Strome.
2:21 of 2nd period - Stopped by Mackenzie Blackwood with a rebound.
2:23 of 2nd period - Snap shot by Luke Schenn.
2:23 of 2nd period - Stopped by Mackenzie Blackwood with a rebound.
2:46 of 2nd period - Snap shot by Artemi Panarin.
2:46 of 2nd period - Stopped by Mackenzie Blackwood without a rebound.
2:47 of 2nd period - Nathan MacKinnon wins face-off versus Mika Zibanejad in Vegas Golden Knights zone.
3:22 of 2nd period - Wrist shot by Jared McCann.
3:22 of 2nd period - Stopped by Igor Shesterkin without a rebound.
3:23 of 2nd period - Jordan Staal wins face-off versus Nathan MacKinnon in New York Rangers zone.
3:48 of 2nd period - Snap shot by Bryan Rust.
3:48 of 2nd period - Stopped by Igor Shesterkin with a rebound.
4:06 of 2nd period - Snap shot by Nathan MacKinnon.
4:06 of 2nd period - Stopped by Mackenzie Blackwood without a rebound.
4:07 of 2nd period - Dylan Strome wins face-off versus Tyler Toffoli in Vegas Golden Knights zone.
4:34 of 2nd period - Jordan Staal is hit by Luke Schenn and loses puck.
5:36 of 2nd period - Double Minor Penalty to Jake Walman for Roughing.
5:37 of 2nd period - Noel Acciari wins face-off versus Mika Zibanejad in New York Rangers zone.
5:52 of 2nd period - Slapshot by Mikael Granlund.
5:52 of 2nd period - Shot Blocked by Bryan Rust.
9:36 of 2nd period - Penalty to Jake Walman is over, Jake Walman is back on ice.
10:10 of 2nd period - Off-side.
10:11 of 2nd period - Teuvo Teravainen wins face-off versus Auston Matthews in neutral zone.
10:14 of 2nd period - Wrist shot by Conor Garland.
10:14 of 2nd period - Deflect By Marcus Foligno.
10:14 of 2nd period - Shot Misses the Net.
10:14 of 2nd period - Puck is out of play.
10:15 of 2nd period - Sean Monahan wins face-off versus Teuvo Teravainen in Vegas Golden Knights zone.
10:36 of 2nd period - Wrist shot by Teuvo Teravainen.
10:36 of 2nd period - Stopped by Mackenzie Blackwood with a rebound.
10:38 of 2nd period - Snap shot by Conor Garland.
10:38 of 2nd period - Stopped by Mackenzie Blackwood with a rebound.
10:40 of 2nd period - Slapshot by Luke Schenn.
10:40 of 2nd period - Shot Misses the Net.
10:42 of 2nd period - Snap shot by Marcus Foligno.
10:42 of 2nd period - Stopped by Mackenzie Blackwood with a rebound.
10:44 of 2nd period - Slapshot by Luke Schenn.
10:44 of 2nd period - Shot Misses the Net.
10:46 of 2nd period - Wrist shot by Conor Garland.
10:46 of 2nd period - Stopped by Mackenzie Blackwood with a rebound.
10:48 of 2nd period - Snap shot by Teuvo Teravainen.
10:48 of 2nd period - Stopped by Mackenzie Blackwood without a rebound.
10:49 of 2nd period - Nathan MacKinnon wins face-off versus Mika Zibanejad in Vegas Golden Knights zone.
11:00 of 2nd period - Slapshot by Mikael Granlund.
11:00 of 2nd period - Shot Blocked by Jack Johnson.
11:18 of 2nd period - Slapshot by Jake Walman.
11:18 of 2nd period - Shot Misses the Net.
11:20 of 2nd period - Snap shot by Dylan Strome.
11:20 of 2nd period - Stopped by Mackenzie Blackwood with a rebound.
11:46 of 2nd period - Wrist shot by Anthony Mantha.
11:46 of 2nd period - Stopped by Igor Shesterkin without a rebound.
11:47 of 2nd period - Tyler Toffoli wins face-off versus Nathan MacKinnon in New York Rangers zone.
11:48 of 2nd period - Snap shot by Jared McCann.
11:48 of 2nd period - Deflect By Sean Monahan.
11:48 of 2nd period - Goal by Sean Monahan - Vegas Golden Knights : 3 - New York Rangers : 1.
11:49 of 2nd period - Sean Monahan wins face-off versus Nathan MacKinnon in neutral zone.
12:01 of 2nd period - Minor Penalty to Mikael Granlund for Interference.
12:02 of 2nd period - Timo Meier wins face-off versus Sean Monahan in New York Rangers zone.
12:02 of 2nd period - Timo Meier is hit by Tyler Toffoli.
12:13 of 2nd period - Snap shot by Sean Monahan.
12:13 of 2nd period - Stopped by Igor Shesterkin with a rebound.
12:15 of 2nd period - Slapshot by Roman Josi.
12:15 of 2nd period - Stopped by Igor Shesterkin without a rebound.
12:16 of 2nd period - Sean Monahan wins face-off versus Noel Acciari in New York Rangers zone.
12:21 of 2nd period - Snap shot by Tyler Toffoli.
12:21 of 2nd period - Stopped by Igor Shesterkin with a rebound.
12:41 of 2nd period - Anthony Mantha is hit by Timo Meier and loses puck.
12:46 of 2nd period - Snap shot by Tyler Motte.
12:46 of 2nd period - Deflect By Timo Meier.
12:46 of 2nd period - Goal by Timo Meier - Vegas Golden Knights : 3 - New York Rangers : 2.
12:47 of 2nd period - Mika Zibanejad wins face-off versus Noel Acciari in neutral zone.
13:40 of 2nd period - Icing by Auston Matthews.
13:41 of 2nd period - Timo Meier wins face-off versus Mika Zibanejad in Vegas Golden Knights zone.
14:01 of 2nd period - Penalty to Mikael Granlund is over, Mikael Granlund is back on ice.
14:03 of 2nd period - Adam Larsson is hit by Roman Josi and loses puck.
14:20 of 2nd period - Wrist shot by Mathew Barzal.
14:20 of 2nd period - Shot Misses the Net.
14:22 of 2nd period - Wrist shot by Mathew Barzal.
14:22 of 2nd period - Shot Misses the Net.
14:24 of 2nd period - Wrist shot by Jordan Staal.
14:24 of 2nd period - Stopped by Igor Shesterkin without a rebound.
14:25 of 2nd period - Dylan Strome wins face-off versus Mika Zibanejad in New York Rangers zone.
14:32 of 2nd period - Slapshot by Bryan Rust.
14:32 of 2nd period - Stopped by Igor Shesterkin with a rebound.
14:48 of 2nd period - Minor Penalty to Auston Matthews for Cross-checking.
14:49 of 2nd period - Nathan MacKinnon wins face-off versus Jordan Staal in Vegas Golden Knights zone.
15:14 of 2nd period - Wrist shot by Andreas Athanasiou.
15:14 of 2nd period - Deflect By Mathieu Olivier.
15:14 of 2nd period - Deflect By Artemi Panarin.
15:14 of 2nd period - Stopped by Igor Shesterkin without a rebound.
15:15 of 2nd period - Jordan Staal wins face-off versus Dylan Strome in New York Rangers zone.
16:48 of 2nd period - Penalty to Auston Matthews is over, Auston Matthews is back on ice.
17:00 of 2nd period - Snap shot by Andreas Athanasiou.
17:00 of 2nd period - Shot Misses the Net.
17:14 of 2nd period - Snap shot by Teuvo Teravainen.
17:14 of 2nd period - Shot Blocked by Auston Matthews.
17:24 of 2nd period - Mathieu Olivier is hit by Conor Garland.
17:34 of 2nd period - Wrist shot by Andreas Athanasiou.
17:34 of 2nd period - Stopped by Igor Shesterkin with a rebound.
18:15 of 2nd period - Off-side.
18:16 of 2nd period - Nathan MacKinnon wins face-off versus Sean Monahan in neutral zone.
19:14 of 2nd period - Minor Penalty to Adam Larsson for Interference.
19:15 of 2nd period - Noel Acciari wins face-off versus Sean Monahan in New York Rangers zone.
19:23 of 2nd period - Icing by Tyler Toffoli.
19:24 of 2nd period - Sean Monahan wins face-off versus Noel Acciari in Vegas Golden Knights zone.
19:55 of 2nd period - Wrist shot by Sean Monahan.
19:55 of 2nd period - Shot Blocked by Jake Walman.
Goals for this period are 1 for Vegas Golden Knights vs 1 for New York Rangers.
Shots for this period are 13 for Vegas Golden Knights vs 11 for New York Rangers.

3rd period


0:01 of 3rd period - Mikael Granlund wins face-off versus Mika Zibanejad in neutral zone.
0:50 of 3rd period - Bryan Rust is hit by Jake Walman and loses puck.
1:14 of 3rd period - Penalty to Adam Larsson is over, Adam Larsson is back on ice.
1:25 of 3rd period - Minor Penalty to Timo Meier for Tripping.
1:26 of 3rd period - Mika Zibanejad wins face-off versus Mikael Granlund in New York Rangers zone.
1:36 of 3rd period - Wrist shot by Mika Zibanejad.
1:36 of 3rd period - Goal by Mika Zibanejad - Vegas Golden Knights : 4 - New York Rangers : 2.
1:37 of 3rd period - Mika Zibanejad wins face-off versus Nathan MacKinnon in neutral zone.
1:39 of 3rd period - Off-side.
1:40 of 3rd period - Mika Zibanejad wins face-off versus Nathan MacKinnon in neutral zone.
2:08 of 3rd period - Snap shot by Cole Caufield.
2:08 of 3rd period - Goal by Cole Caufield - Vegas Golden Knights : 4 - New York Rangers : 3.
2:09 of 3rd period - Nathan MacKinnon wins face-off versus Mika Zibanejad in neutral zone.
2:24 of 3rd period - Snap shot by Nathan MacKinnon.
2:24 of 3rd period - Shot Misses the Net.
2:26 of 3rd period - Slapshot by Adam Larsson.
2:26 of 3rd period - Deflect By Mika Zibanejad.
2:26 of 3rd period - Stopped by Mackenzie Blackwood without a rebound.
2:27 of 3rd period - Jordan Staal wins face-off versus Dylan Strome in Vegas Golden Knights zone.
2:27 of 3rd period - Jordan Staal is hit by Olli Maatta.
2:53 of 3rd period - Roman Josi is hit by Nathan MacKinnon and loses puck.
3:26 of 3rd period - Wrist shot by Jared McCann.
3:26 of 3rd period - Stopped by Igor Shesterkin with a rebound.
3:44 of 3rd period - Snap shot by Cole Caufield.
3:44 of 3rd period - Shot Misses the Net.
4:04 of 3rd period - Snap shot by Tyler Motte.
4:04 of 3rd period - Goal by Tyler Motte - Vegas Golden Knights : 4 - New York Rangers : 4.
4:05 of 3rd period - Nathan MacKinnon wins face-off versus Mika Zibanejad in neutral zone.
4:10 of 3rd period - Wrist shot by Mikael Granlund.
4:10 of 3rd period - Stopped by Mackenzie Blackwood with a rebound.
4:42 of 3rd period - Slapshot by Erik Johnson.
4:42 of 3rd period - Shot Misses the Net.
4:44 of 3rd period - Wrist shot by Tyler Toffoli.
4:44 of 3rd period - Stopped by Igor Shesterkin with a rebound.
4:54 of 3rd period - Snap shot by Anthony Mantha.
4:54 of 3rd period - Shot Misses the Net.
5:00 of 3rd period - Wrist shot by Mathieu Olivier.
5:00 of 3rd period - Stopped by Igor Shesterkin with a rebound.
5:02 of 3rd period - Slapshot by Mathieu Olivier.
5:02 of 3rd period - Goal by Mathieu Olivier - Vegas Golden Knights : 5 - New York Rangers : 4.
5:03 of 3rd period - Mika Zibanejad wins face-off versus Nathan MacKinnon in neutral zone.
5:32 of 3rd period - Wrist shot by Mathew Barzal.
5:32 of 3rd period - Stopped by Igor Shesterkin with a rebound.
5:34 of 3rd period - Slapshot by Travis Hamonic.
5:34 of 3rd period - Stopped by Igor Shesterkin with a rebound.
5:36 of 3rd period - Wrist shot by Reilly Smith.
5:36 of 3rd period - Stopped by Igor Shesterkin with a rebound.
5:38 of 3rd period - Wrist shot by Travis Hamonic.
5:38 of 3rd period - Deflect By Mathew Barzal.
5:38 of 3rd period - Stopped by Igor Shesterkin with a rebound.
5:40 of 3rd period - Slapshot by Thomas Chabot.
5:40 of 3rd period - Deflect By Mathew Barzal.
5:40 of 3rd period - Stopped by Igor Shesterkin with a rebound.
5:54 of 3rd period - Slapshot by Jake Walman.
5:54 of 3rd period - Stopped by Mackenzie Blackwood with a rebound.
6:13 of 3rd period - Minor Penalty to Anthony Mantha for Tripping.
6:14 of 3rd period - Reilly Smith wins face-off versus Artemi Panarin in Vegas Golden Knights zone.
8:13 of 3rd period - Penalty to Anthony Mantha is over, Anthony Mantha is back on ice.
8:30 of 3rd period - Wrist shot by Auston Matthews.
8:30 of 3rd period - Stopped by Igor Shesterkin without a rebound.
8:31 of 3rd period - Mika Zibanejad wins face-off versus Noel Acciari in New York Rangers zone.
8:32 of 3rd period - Wrist shot by Auston Matthews.
8:32 of 3rd period - Shot Misses the Net.
9:04 of 3rd period - Snap shot by Mika Zibanejad.
9:04 of 3rd period - Stopped by Igor Shesterkin without a rebound.
9:05 of 3rd period - Jordan Staal wins face-off versus Dylan Strome in New York Rangers zone.
9:14 of 3rd period - Slapshot by Mathew Barzal.
9:14 of 3rd period - Shot Misses the Net.
9:17 of 3rd period - Icing by Cam Fowler.
9:18 of 3rd period - Sean Monahan wins face-off versus Dylan Strome in New York Rangers zone.
9:33 of 3rd period - Snap shot by Sean Monahan.
9:33 of 3rd period - Stopped by Igor Shesterkin without a rebound.
9:34 of 3rd period - Mika Zibanejad wins face-off versus Artemi Panarin in New York Rangers zone.
9:41 of 3rd period - Backhand shot by Mika Zibanejad.
9:41 of 3rd period - Stopped by Igor Shesterkin with a rebound.
10:27 of 3rd period - Slapshot by Teuvo Teravainen.
10:27 of 3rd period - Shot Misses the Net.
10:29 of 3rd period - Slapshot by Marcus Foligno.
10:29 of 3rd period - Shot Misses the Net.
10:31 of 3rd period - Slapshot by Adam Larsson.
10:31 of 3rd period - Stopped by Mackenzie Blackwood with a rebound.
10:33 of 3rd period - Slapshot by Jake Walman.
10:33 of 3rd period - Stopped by Mackenzie Blackwood with a rebound.
10:35 of 3rd period - Slapshot by Marcus Foligno.
10:35 of 3rd period - Deflect By Conor Garland.
10:35 of 3rd period - Stopped by Mackenzie Blackwood with a rebound.
11:12 of 3rd period - Wrist shot by Bryan Rust.
11:12 of 3rd period - Shot Misses the Net.
11:18 of 3rd period - Wrist shot by Mika Zibanejad.
11:18 of 3rd period - Stopped by Igor Shesterkin with a rebound.
11:20 of 3rd period - Wrist shot by Mika Zibanejad.
11:20 of 3rd period - Shot Hit the Post.
11:36 of 3rd period - Cole Caufield is hit by Shea Theodore and loses puck.
11:51 of 3rd period - Luke Schenn is hit by Shea Theodore and loses puck.
12:10 of 3rd period - Andreas Athanasiou is hit by Noel Acciari and loses puck.
12:32 of 3rd period - Auston Matthews is hit by Mikael Granlund and loses puck.
12:39 of 3rd period - Snap shot by Nathan MacKinnon.
12:39 of 3rd period - Goal by Nathan MacKinnon - Vegas Golden Knights : 5 - New York Rangers : 5.
12:40 of 3rd period - Artemi Panarin wins face-off versus Sean Monahan in neutral zone.
13:13 of 3rd period - Snap shot by Auston Matthews.
13:13 of 3rd period - Stopped by Igor Shesterkin without a rebound.
13:14 of 3rd period - Dylan Strome wins face-off versus Jordan Staal in New York Rangers zone.
13:20 of 3rd period - Cam Fowler is hit by Shea Theodore and loses puck.
13:41 of 3rd period - Roman Josi is hit by Artemi Panarin and loses puck.
13:48 of 3rd period - Snap shot by Artemi Panarin.
13:48 of 3rd period - Shot Misses the Net.
13:50 of 3rd period - Snap shot by Artemi Panarin.
13:50 of 3rd period - Stopped by Mackenzie Blackwood with a rebound.
13:52 of 3rd period - Wrist shot by Artemi Panarin.
13:52 of 3rd period - Deflect By Mika Zibanejad.
13:52 of 3rd period - Stopped by Mackenzie Blackwood with a rebound.
14:14 of 3rd period - Shea Theodore is hit by Jake Walman and loses puck.
14:42 of 3rd period - Andreas Athanasiou is hit by Jake Walman and loses puck.
15:04 of 3rd period - Icing by Erik Johnson.
15:05 of 3rd period - Nathan MacKinnon wins face-off versus Jordan Staal in Vegas Golden Knights zone.
15:12 of 3rd period - Snap shot by Artemi Panarin.
15:12 of 3rd period - Shot Misses the Net.
15:18 of 3rd period - Mikael Granlund is hit by Erik Johnson and loses puck.
15:41 of 3rd period - Snap shot by Artemi Panarin.
15:41 of 3rd period - Shot Misses the Net.
16:10 of 3rd period - Snap shot by Jordan Staal.
16:10 of 3rd period - Shot Misses the Net.
16:14 of 3rd period - Wrist shot by Mathew Barzal.
16:14 of 3rd period - Stopped by Igor Shesterkin without a rebound.
16:15 of 3rd period - Teuvo Teravainen wins face-off versus Mathieu Olivier in New York Rangers zone.
16:17 of 3rd period - Minor Penalty to Dmitry Kulikov for Cross-checking.
16:18 of 3rd period - Noel Acciari wins face-off versus Mika Zibanejad in New York Rangers zone.
16:44 of 3rd period - Jared McCann is hit by David Kampf and loses puck.
17:15 of 3rd period - Minor Penalty to Shea Theodore for Tripping.
17:16 of 3rd period - Mika Zibanejad wins face-off versus Artemi Panarin in Vegas Golden Knights zone.
17:54 of 3rd period - Snap shot by Cole Caufield.
17:54 of 3rd period - Stopped by Mackenzie Blackwood with a rebound.
17:56 of 3rd period - Slapshot by Jake Walman.
17:56 of 3rd period - Deflect By Roman Josi.
17:56 of 3rd period - Stopped by Mackenzie Blackwood without a rebound.
17:57 of 3rd period - Nathan MacKinnon wins face-off versus Sean Monahan in Vegas Golden Knights zone.
18:02 of 3rd period - Snap shot by Nathan MacKinnon.
18:02 of 3rd period - Shot Misses the Net.
18:04 of 3rd period - Slapshot by Adam Larsson.
18:04 of 3rd period - Stopped by Mackenzie Blackwood without a rebound.
18:05 of 3rd period - Nathan MacKinnon wins face-off versus Sean Monahan in Vegas Golden Knights zone.
18:17 of 3rd period - Penalty to Dmitry Kulikov is over, Dmitry Kulikov is back on ice.
18:20 of 3rd period - Snap shot by Nathan MacKinnon.
18:20 of 3rd period - Stopped by Mackenzie Blackwood with a rebound.
18:22 of 3rd period - Wrist shot by Dmitry Kulikov.
18:22 of 3rd period - Stopped by Mackenzie Blackwood without a rebound.
18:23 of 3rd period - Nathan MacKinnon wins face-off versus Jordan Staal in Vegas Golden Knights zone.
18:52 of 3rd period - Wrist shot by Timo Meier.
18:52 of 3rd period - Goal by Timo Meier - Vegas Golden Knights : 5 - New York Rangers : 6.
18:53 of 3rd period - Sean Monahan wins face-off versus Noel Acciari in neutral zone.
18:56 of 3rd period - Vegas Golden Knights, Mackenzie Blackwood is pulled from the net.
19:05 of 3rd period - Icing by Noel Acciari.
19:06 of 3rd period - Noel Acciari wins face-off versus Sean Monahan in New York Rangers zone.
19:53 of 3rd period - Mikael Granlund is hit by Auston Matthews and loses puck.
Goals for this period are 2 for Vegas Golden Knights vs 4 for New York Rangers.
Shots for this period are 17 for Vegas Golden Knights vs 17 for New York Rangers.